 Dungeon Crawl Stone Soup version 0.31.0-12-g77e489cdc1 (webtiles) character file.

Game seed: 5728342289426793126

5937 monsoonserge the Nimble (level 10, -19/56 HPs)
             Began as a Spriggan Delver on Feb 21, 2024.
             Was a Believer of Ru.
             Killed from afar by Erica (28 damage)
             ... with a bolt of poison
             ... on level 10 of the Dungeon.
             The game lasted 00:22:48 (8083 turns).

monsoonserge the Nimble (Spriggan Delver)           Turns: 8083, Time: 00:22:49

Health: -19/56     AC:  6    Str:  8    XL:     10   Next: 54%
Magic:  11/11      EV: 22    Int: 15    God:    Ru [**....]
Gold:   543        SH:  0    Dex: 22    Spells: 9/9 levels left

rFire   . . .        w - +10 spear of Distraction {heavy, ^Drain rN++ Dex+4}
rCold   . . .        (no shield)
rNeg    + + .        B - +0 steam dragon scales
rPois   .            (helmet restricted)
rElec   .            j - +0 cloak
rCorr   +            (gloves unavailable)
SInv    +            (boots unavailable)
Will    +....        (no amulet)
Stlth   ++++         y - ring of resist corrosion
HPRegen 0.29/turn    (no ring)
MPRegen 0.12/turn

%: no passive effects
@: lethally poisoned (-19 -> -38), slowed, quick
A: very small, no large weapons, unfitting armour, see invisible, speed 3,
inability to drink after injury 2, reduced EV 1
a: Renounce Religion


You were on level 10 of the Dungeon.
You worshipped Ru.
Ru was pleased with you.
You visited 2 branches of the dungeon, and saw 11 of its levels.

You collected 543 gold pieces.

Inventory:

Hand Weapons
 w - the +10 spear of Distraction (weapon) {heavy, ^Drain rN++ Dex+4}
   (You found it on level 4 of the Dungeon)

   Dex+4:     It affects your dexterity (+4).
   rN++:      It greatly protects you from negative energy.
   ^Drain:    It drains your maximum health when unequipped.
 I - a +2 antimagic orcbow
 K - a +3 short sword of freezing
Missiles
 C - 2 throwing nets
 F - 4 boomerangs
 N - 3 poisoned darts (quivered)
Armour
 j - a +0 cloak (worn)
 B - +0 steam dragon scales (worn)
Jewellery
 y - a ring of resist corrosion (left hand)
Wands
 g - a wand of digging (9)
 o - a wand of quicksilver (1)
 A - a wand of polymorph (7)
 E - a wand of mindburst (14)
 M - a wand of charming (13)
 O - a wand of flame (4)
Scrolls
 b - a scroll of amnesia
 c - 3 scrolls of fog
 d - 4 scrolls of revelation
 e - 3 scrolls of fear
 h - 2 scrolls of poison
 i - a scroll of torment
 r - 4 scrolls of teleportation {unknown}
 s - 3 scrolls of enchant weapon {unknown}
 v - 2 scrolls of butterflies
 x - 2 scrolls of immolation
 H - a scroll of enchant armour {unknown}
 J - a scroll of silence {unknown}
Potions
 f - 2 potions of haste
 k - a potion of curing
 l - a potion of heal wounds
 m - 2 potions of invisibility {unknown}
 n - 4 potions of brilliance
 p - a potion of degeneration {unknown}
 q - a potion of resistance {unknown}
 u - a potion of magic {unknown}
 z - 2 potions of enlightenment {unknown}
 D - 2 potions of ambrosia {unknown}
 G - 2 potions of might {unknown}
 L - 2 potions of mutation {unknown}


   Skills:
 + Level 7.8 Fighting
 - Level 4.4 Short Blades
 - Level 7.0 Polearms
 + Level 0.2 Throwing
 + Level 11.0 Dodging
 - Level 8.0 Stealth
 * Level 3.3 Evocations


You had 9 spell levels left.
You didn't know any spells.
Your spell library contained the following spells:

 Spells                   Type           Power      Damage    Failure   Level
 Apportation              Tloc           0%         N/A       26%         1
 Necrotise                Necr           0%         1d4       26%         1
 Sting                    Conj/Alch      0%         1d3       26%         1
 Summon Small Mammal      Summ           0%         N/A       26%         1
 Gell's Gravitas          Tloc           0%         N/A       63%         3
 Teleport Other           Tloc           0%         N/A       63%         3
 Dispersal                Tloc           0%         N/A       100%        6


Dungeon Overview and Level Annotations

Branches:
Dungeon (10/15)            Temple (1/1) D:4             Orc (0/2) D:9
   Lair: D:8-11

Altars:
Ashenzari
Cheibriados
Dithmenos
Elyvilon
Fedhas
Gozag
Hepliaklqana
Kikubaaqudgha
Makhleb
Nemelex Xobeh
Okawaru
Qazlal
Ru
Sif Muna
Trog
Uskayaw
Vehumet
Yredelemnul
Zin
The Shining One

Annotations:
D:10 Erica


Innate Abilities, Weirdness & Mutations

You are very small and have problems with some larger weapons.
You are too small for most types of armour.
You have supernaturally acute eyesight. (SInv)
You cover ground extremely quickly. (Speed+++)
You sometimes lose the ability to drink potions when taking damage.
You have somewhat slow reflexes. (EV -5)


Message History

Okay, then.
You feel sick.
Erica zaps a wand.
The bolt of dispelling energy misses you.
Reach: w) +10 spear of Distraction {heavy, ^Drain rN++ Dex+4}
Press: ? - help, Dir - move target, f/p - Erica
Aim: Erica, wielding a +1 scimitar of flaming, wearing a ring of wizardry and carrying a wand of quicksilver (severely wounded, about 32% to evade the +10 spear of Distraction)
You reach to attack!
You closely miss Erica.
Erica is severely wounded.
You feel sick.
The howler monkey hoots and howls with incredible vigour!
The howler monkey howls!
You hear a shout!
You hear a hideous shriek!
You hear a shout! x7
Aiming: Quicksilver Bolt
Press: ? - help, Shift-Dir - straight line, f - howler monkey, p - Erica
Aim: a howler monkey (71% to hit)
The bolt of dispelling energy misses Erica.
The bolt of dispelling energy hits the howler monkey!!
You kill the howler monkey!
The bolt of dispelling energy hits the howler monkey!!
You kill the howler monkey!
You feel sick.
Your Dodging skill increases to level 11!
Unknown command.
You barely miss Erica.
Erica is severely wounded.
You feel sick. Erica casts a spell at you.
You feel yourself slow down.
Aiming: Quicksilver Bolt
Press: ? - help, Shift-Dir - straight line, f - steam dragon
Aim: a steam dragon (74% to hit)
The bolt of dispelling energy misses Erica.
The bolt of dispelling energy hits the steam dragon!
The steam dragon is moderately wounded.
You feel sick.
Erica stares at you and mumbles some strange words.
The bolt of poison hits you!!
You are lethally poisoned!
Ouch! That really hurt!
You die...
Erica begins burbling mirthfully and uncontrollably.

..................#
#...........)....#
#...........#..##.##
##..........#......#
....................#
.##.............#..#
###..............#
##......##......##
#.@......#.......#
#x#..........#....
#†h#..#............
.....#####....
..D...(. ....
D...†...... ..
....:.......
.............
.##?..........


You could see Erica, a steam dragon and a howler monkey.

Vanquished Creatures
  A two-headed ogre (D:10)
  Jeremiah (D:7)
  Grinder (D:5)
  A shadow (D:9)
  9 yaks (D:9)
  2 steam dragons
  A warg (D:9)
  2 water moccasins
  An ice beast (D:7)
  A sky beast (D:6)
  2 black bears
  An orc warrior (D:9)
  2 centaurs
  A wolf (D:9)
  3 bullfrogs
  A gnoll sergeant (D:5)
  3 scorpions
  3 wights (D:7)
  9 killer bees (D:9)
  4 howler monkeys
  A bombardier beetle (D:6)
  3 jellies
  A gnoll bouda (D:6)
  2 orc priests (D:9)
  4 hounds
  A sleepcap (D:5)
  3 iguanas
  10 orc wizards
  6 adders
  12 gnolls
  A white imp (D:7)
  4 ufetubi (D:6)
  5 dart slugs
  26 orcs
  8 endoplasms
  3 giant cockroaches (D:1)
  4 goblins
  3 hobgoblins
  4 kobolds
  2 quokkas
  10 ball pythons
  7 bats
  A frilled lizard (D:1)
  5 rats
175 creatures vanquished.

Vanquished Creatures (others)
  A scorpion (D:6)
1 creature vanquished.

Grand Total: 176 creatures vanquished

Notes
Turn   | Place    | Note
-------+----------+-------------------------------------------
     0 | D:5      | monsoonserge the Spriggan Delver began the quest for the
                  | Orb.
     0 | D:5      | Reached XP level 1. HP: 11/11 MP: 2/2
    30 | D:5      | Noticed a hound
    35 | D:5      | Killed a hound
    36 | D:5      | Reached XP level 2. HP: 16/16 MP: 3/3
    50 | D:3      | Reached XP level 3. HP: 19/19 MP: 4/4
   948 | D:2      | Reached XP level 4. HP: 24/24 MP: 5/5
  1012 | D:2      | Reached skill level 3 in Dodging
  1353 | D:3      | Found a stormy altar of Qazlal.
  1491 | D:3      | Reached XP level 5. HP: 28/28 MP: 6/6
  1578 | D:3      | Identified the +1 leather armour of Beogh's Indignation
                  | {rPois SInv}
  1941 | D:4      | Identified the +10 spear of Distraction {heavy, ^Drain rN++
                  | Dex+4}
  2088 | D:4      | Found a staircase to the Ecumenical Temple.
  2110 | D:4      | Reached skill level 1 in Polearms
  2137 | Temple   | Entered the Ecumenical Temple
  2145 | Temple   | Became a worshipper of Ru the Awakened
  2168 | D:4      | Reached XP level 6. HP: 32/32 MP: 7/7
  2214 | D:4      | Found a sparkling altar of Nemelex Xobeh.
  2253 | D:4      | Found a burning altar of Makhleb.
  2255 | D:4      | Noticed a balrug
  2530 | D:5      | Found a shadowy altar of Dithmenos.
  2549 | D:5      | Found a glowing golden altar of the Shining One.
  2609 | D:5      | Reached skill level 4 in Dodging
  2696 | D:5      | Found a shimmering blue altar of Sif Muna.
  2696 | D:5      | Found an ancient bone altar of Kikubaaqudgha.
  2698 | D:5      | Found a radiant altar of Vehumet.
  2701 | D:5      | Got Kikubaaqudgha's Parchment of the Mortuary
  2773 | D:5      | Noticed Grinder
  2787 | D:5      | Killed Grinder
  2788 | D:5      | Reached XP level 7. HP: 36/38 MP: 8/8
  3365 | D:6      | Reached skill level 1 in Evocations
  3534 | D:6      | Noticed a steam dragon
  3544 | D:6      | Killed a steam dragon
  3688 | D:6      | Reached XP level 8. HP: 31/42 MP: 9/9
  3930 | D:5      | Reached skill level 5 in Dodging
  4217 | D:6      | Reached skill level 5 in Fighting
  4222 | D:6      | Gained mutation: You have somewhat slow reflexes. (EV -5)
                  | [Ru sacrifice]
  4222 | D:6      | Reached * piety under Ru
  4830 | D:7      | Reached skill level 5 in Polearms
  4898 | D:7      | Reached skill level 6 in Dodging
  4908 | D:7      | Noticed Jeremiah
  4934 | D:7      | Killed Jeremiah
  5134 | D:7      | Reached XP level 9. HP: 33/48 MP: 0/10
  5688 | D:8      | Reached skill level 7 in Dodging
  6268 | D:8      | Gained mutation: You occasionally lose the ability to drink
                  | potions when taking damage. [Ru sacrifice]
  6268 | D:8      | Gained mutation: You sometimes lose the ability to drink
                  | potions when taking damage. [Ru sacrifice]
  6268 | D:8      | Reached ** piety under Ru
  6694 | D:9      | Reached skill level 8 in Dodging
  6938 | D:9      | Reached XP level 10. HP: 53/53 MP: 11/11
  7058 | D:9      | Reached skill level 9 in Dodging
  7071 | D:9      | HP: 1/53 [poisoned by a killer bee]
  7462 | D:9      | Found a staircase to the Orcish Mines.
  7657 | D:9      | Reached skill level 10 in Dodging
  7983 | D:10     | Entered Level 10 of the Dungeon
  8003 | D:10     | Noticed a two-headed ogre
  8013 | D:10     | Killed a two-headed ogre
  8067 | D:10     | Noticed Erica
  8082 | D:10     | Reached skill level 11 in Dodging
  8083 | D:10     | Killed from afar by Erica

Illustrated notes

Levels and vault maps discovered:
D:1:      dpeg_arrival_tiny_d, layout_basic, minmay_misc_feat_chi,
          minmay_octomino_j4
D:2:      layout_rooms, minmay_statues_item
D:3:      layout_basic, mainiacjoe_overflow_24_doors
D:4:      layout_loops_ring, nemelex_xobeh_ov_fountains_minmay,
          makhleb_altar_promises_db, minmay_temple_entry_drinking_statues
D:5:      layout_gridville, grunt_temple_overflow_magic_moments,
          mainiacjoe_overflow_catwalk_spiral, minmay_door_square,
          grunt_decor_arrowhead, kennysheep_cluttered_room, uniq_grinder
D:6:      layout_loops_ring
D:7:      layout_cave_pools, uniq_jeremiah
D:8:      layout_cave_pods
D:9:      layout_roguey, minmay_orc_entry_guard_dogs
D:10:     minmay_bloctagon_deflated, layout_cave_pools, xom_confusion_cloud,
          nicolae_wu_jian_immortal_techniques, david_lair_shrubbed, uniq_erica
Temple:   nicolae_temple_bog_church

Skill      XL: |  1  2  3  4  5  6  7  8  9 10 |
---------------+-------------------------------+-----
Stealth        | 8 |  8.0
Short Blades   | 3 4 |  4.4
Fighting       | 3 4 5 6 7 |  7.8
Dodging        | 3 4 6 8 11 | 11.0
Polearms       | 1 3 4 5 7 |  7.0
Evocations     | 2 3 |  3.3
Throwing       | |  0.2

Action                     |  1- 3 |  4- 6 |  7- 9 | 10-12 || total
---------------------------+-------+-------+-------+-------++-------
  Melee: Short sword       |     7 |       |       |       ||     7
         Dagger            |    53 |    46 |       |       ||    99
         Spear             |       |    36 |   249 |   124 ||   409
         Punch             |       |       |     2 |     3 ||     5
  Throw: Boomerang         |       |       |     1 |       ||     1
         Dart              |       |       |       |     1 ||     1
 Invoke: Sacrifice Health  |       |       |     1 |       ||     1
         Sacrifice Drink   |       |       |     1 |       ||     1
  Evoke: Wand              |       |       |     3 |     2 ||     5
    Use: Scroll            |       |       |       |     6 ||     6
         Potion            |       |       |       |     3 ||     3
   Stab: Sleeping          |    17 |    13 |    15 |     2 ||    47
         Distracted        |     1 |       |     1 |     1 ||     3
         Invisible         |       |       |       |     3 ||     3
 Armour: Robe              |    10 |    16 |    20 |       ||    46
         Steam dragon scal |       |       |    91 |    48 ||   139
  Dodge: Dodged            |    33 |    42 |   223 |   116 ||   414
